 Dungeon Crawl Stone Soup version 0.27-a0-604-g29a88b33a7 (webtiles) character file.

Game seed: 18182099551507658942

65272 Lovchig the Severer (level 14, -13/139 HPs)
             Began as a Deep Dwarf Fighter on Mar 12, 2021.
             Was the Champion of Makhleb.
             Mangled by an orc knight
             ... wielding a +0 dire flail
              (32 damage)
             ... on level 2 of the Orcish Mines.
             The game lasted 00:45:33 (15943 turns).

Lovchig the Severer (Deep Dwarf Fighter)           Turns: 15943, Time: 00:45:34

Health: -13/139    AC: 31    Str: 25    XL:     14   Next: 74%
Magic:  0/8        EV: 11    Int:  9    God:    Makhleb [******]
Gold:   1980       SH: 14    Dex: 15    Spells: 13/13 levels left

rFire    . . .     SeeInvis .   p - +6 broad axe (freeze)
rCold    . . .     Faith    .   c - +0 kite shield
rNeg     + . .     Spirit   +   y - +8 plate armour of Josom {Dex+3}
rPois    .         Reflect  .   q - +2 helmet
rElec    .         Harm     .   (no cloak)
rCorr    +         Rampage  .   b - +0 pair of gloves
Will     ++...                  (no boots)
Stlth    ..........             J - amulet of guardian spirit
HPRegen  0.00/turn              i - +4 ring of protection
MPRegen  0.11/turn              E - ring of resist corrosion

@: non-regenerating, studying 2 skills
A: damage resistance, heal wounds, negative energy resistance 1, sense
surroundings 2, no regeneration
a: Heal Wounds, Renounce Religion, Minor Destruction, Lesser Servant of Makhleb,
Major Destruction, Greater Servant of Makhleb


You were on level 2 of the Orcish Mines.
You worshipped Makhleb.
Makhleb was exalted by your worship.
You visited 4 branches of the dungeon, and saw 20 of its levels.
You visited the Abyss 1 time.
You also visited: Bailey.

You collected 1980 gold pieces.

Inventory:

Hand Weapons
 p - a +6 broad axe of freezing (weapon)
 C - a +2 hand axe of flaming
Armour
 a - a +1 hat
 b - a +0 pair of gloves (worn)
 c - a +0 kite shield (worn)
 q - a +2 helmet (worn)
 y - the +8 plate armour of Josom (worn) {Dex+3}
   (You found it on level 13 of the Dungeon)

   It affects your dexterity (+3).
Jewellery
 i - a +4 ring of protection (right hand)
 m - a ring of see invisible
 E - a ring of resist corrosion (left hand)
 J - an amulet of guardian spirit (around neck)
 K - an amulet of the acrobat
Wands
 l - a wand of random effects (18)
 o - a wand of charming (23)
 r - a wand of paralysis (7)
 t - a wand of flame (25)
 v - a wand of acid (37)
 x - a wand of digging (9)
 I - a wand of polymorph (18)
Scrolls
 e - 13 scrolls of identify
 j - 3 scrolls of blinking
 n - 8 scrolls of teleportation
 s - 3 scrolls of fog
 u - 4 scrolls of magic mapping
 w - a scroll of fear
 B - 2 scrolls of enchant armour
 G - a scroll of amnesia
Potions
 d - 8 potions of might
 f - a potion of brilliance
 g - 4 potions of heal wounds
 h - 4 potions of flight
 k - 4 potions of haste
 z - 3 potions of invisibility
 A - 8 potions of curing
 D - 2 potions of berserk rage
 F - a potion of lignification
 H - a potion of cancellation


   Skills:
 * Level 12.7 Fighting
 * Level 17.9 Axes
 * Level 10.7 Armour
 * Level 9.7 Dodging
 * Level 14.7 Shields


You had 13 spell levels left.
You didn't know any spells.
Your spell library contained the following spells:

 Spells                   Type           Power      Damage    Failure   Level
 Shock                    Conj/Air       0%         1d3       99%         1
 Poisonous Vapours        Pois/Air       0%         N/A       99%         2
 Swiftness                Air            0%         N/A       99%         2
 Conjure Flame            Conj/Fire      0%         6-21      100%        3
 Mephitic Cloud           Conj/Pois/Air  0%         N/A       100%        3
 Static Discharge         Conj/Air       0%         N/A       100%        3
 Airstrike                Air            0%         N/A       100%        4
 Lightning Bolt           Conj/Air       0%         1d11      100%        5
 Freezing Cloud           Conj/Ice/Air   0%         6-21      100%        6


Dungeon Overview and Level Annotations

Branches:
Dungeon (15/15)            Temple (1/1) D:5            Lair (2/6) D:11
 Spider (0/4) Lair:2          Orc (1/2) D:12         Vaults (0/5) D:14
 Depths (0/5) D:15         Bailey (visited)
  Swamp: Lair:2-4    Shoals: Lair:2-4

Altars:
Ashenzari
Cheibriados
Dithmenos
Elyvilon
Fedhas
Gozag
Hepliaklqana
Kikubaaqudgha
Makhleb
Nemelex Xobeh
Okawaru
Qazlal
Ru
Sif Muna
Trog
Uskayaw
Vehumet
Wu Jian
Xom
Yredelemnul
Zin
The Shining One
Beogh

Shops:
D:6 :   D:11 *?   D:14 [


Innate Abilities, Weirdness & Mutations

You are resistant to damage.
You can heal yourself by infusing magical energy.
You resist negative energy. (rN+)
You passively map the area around you.
You do not regenerate.


Message History

The orc warrior closely misses you.
The orc knight hits you with a +0 war axe.
An orc warrior comes into view. It is wielding a +0 trident.
The orc warrior hits you from afar with a +0 halberd!!
* * * LOW HITPOINT WARNING * * *
The orc knight hits you but does no damage.
The orc high priest hits you but does no damage.
You feel much better.
The orc priest calls down the wrath of Beogh upon you.
Beogh smites you! You block the orc warrior's attack.
The orc priest complains repeatedly.
The orc knight hits you with a +0 dire flail!
* * * LOW HITPOINT WARNING * * *
The soul eater draws from the surrounding life force!
* * * LOW HITPOINT WARNING * * *
The orc warrior hits you but does no damage.
An orc comes into view. It is wielding a +0 club.
The orc knight hits you with a +0 war axe!
* * * LOW HITPOINT WARNING * * *
The orc warrior hits you from afar with a +0 halberd!!
* * * LOW HITPOINT WARNING * * *
The orc knight barely misses you.
Non-targeted abil: Heal Wounds
Press: ? - help, Q - select action, (/) - cycle Dir - look around, f - activate You are too injured to fight recklessly!
Your magical essence is drained by the effort!
You feel much better.
The orc shouts!
The orc high priest barely misses you.
The orc high priest mumbles some strange prayers to Beogh against you.
Beogh smites you!
* * * LOW HITPOINT WARNING * * *
You block the soul eater's attack.
The orc warrior hits you but does no damage.
The orc knight hits you with a +0 dire flail!
* * * LOW HITPOINT WARNING * * *
The orc high priest utters an invocation to Beogh.
An orc warrior comes into view.
It is wielding a +1 long sword of holy wrath.
The orc knight hits you with a +0 dire flail!!
You die...

##### * , , *
##.....* * , ,
,, * ###.......
,* , **
##3ooo..... , ,
,, , #4o@oooo...
#.#.#o#o#o#o#.#
* ,
.o.o44o3oooo...
,
..#.#ooooo.o3..
, ,, ,,
........3.oo..,,
, ,
,#o#.#.#.#.#.#.#
* , , ,,.
###.......... ,
* , ,
##........., * ,
* ##....... , *


You could see 4 orc knights, a soul eater (summoned), 5 orc high priests, a sun
demon (summoned), a hellwing (summoned), a rust devil (summoned), a sixfirhy
(summoned), a neqoxec (summoned), 6 orc warriors, 7 orc priests and 3 orcs.

Vanquished Creatures
  A tentacled monstrosity (Abyss:4)
  2 tentacled starspawn (Abyss:4)
  2 ice dragons (D:15)
  4 vault guards (D:14)
  3 boulder beetles
  7 hydras
  2 ogre magi (D:14)
  Erica (Lair:1)
  A tengu warrior (D:13)
  A thrashing horror (Abyss:4)
  2 wretched stars (Abyss:4)
  2 large abominations (Abyss:4)
  4 unseen horrors
  An unseen horror (shapeshifter) (D:14)
  A deep elf archer (D:14)
  A wizard (D:15)
  An orc knight (D:14)
  The ghost of adept the Shield-Bearer, a novice FoFi of Makhleb (D:6)
  8 ugly things
  3 cyclopes
  A manticore (D:12)
  2 black mambas
  Joseph (D:7)
  A cane toad (Lair:1)
  2 gargoyles (D:14)
  Maggie (D:7)
  An efreet (D:15)
  5 komodo dragons
  A kobold demonologist (D:13)
  A rime drake (Lair:1)
  An ancient zyme (Abyss:4)
  2 polar bears (Lair:1)
  A tengu conjurer (D:13)
  A hornet (D:7)
  6 trolls
  5 jumping spiders (Lair:2)
  A harpy skeleton (D:13)
  A raiju (Abyss:3)
  14 slime creatures
  Sigmund (D:4)
  A vampire (D:12)
  4 shadows
  2 wyverns
  A ynoxinul (Abyss:4)
  26 yaks
  15 vampire mosquitoes
  Grum (D:10)
  A steam dragon (D:10)
  A basilisk (D:14)
  A warg (Orc:1)
  3 acid dragons
  Edmund (D:5)
  A soldier ant (D:14)
  5 water moccasins
  A floating eye (shapeshifter) (D:13)
  5 sky beasts
  20 orc warriors
  5 ice beasts
  4 eyes of draining
  12 ogres
  A hornet zombie (D:14)
  3 black bears
  6 necrophages
  18 wolves
  15 centaurs
  The ghost of p0werm0de the Skirmisher, an amateur GrFi (D:3)
  A kobold brigand (D:9)
  3 phantoms
  19 bullfrogs
  2 wyvern zombies
  A water moccasin zombie (D:6)
  4 scorpions
  A wyvern skeleton (D:11)
  16 killer bees
  2 troll zombies (D:12)
  14 wights
  9 howler monkeys
  3 bullfrog zombies
  A quasit (D:10)
  4 centaur skeletons
  4 jellies
  6 orc priests
  7 centaur zombies
  6 bullfrog skeletons
  A gnoll shaman (D:4)
  3 hounds
  Jessica (D:2)
  7 iguanas
  21 orc wizards
  13 worker ants
  A killer bee zombie (D:5)
  4 ogre zombies (D:12)
  A hound zombie (D:6)
  A hound skeleton (D:9)
  2 worker ant zombies
  A howler monkey zombie (D:7)
  15 adders
  9 gnolls
  3 shadow imps
  A worker ant simulacrum (D:6)
  An ooze (D:2)
  2 adder zombies
  2 adder skeletons (D:7)
  3 worms
  3 dart slugs
  13 leopard geckos
  105 orcs
  3 ball pythons
  5 giant cockroaches
  3 goblins (D:3)
  7 hobgoblins
  12 jackals
  7 kobolds
  4 quokkas
  6 bats
  9 frilled lizards
  3 goblin skeletons (D:12)
  3 hobgoblin skeletons (D:12)
  3 hobgoblin zombies (D:12)
  An orc skeleton (D:12)
  9 orc zombies (D:12)
  8 rats
  5 bushes
  A butterfly (Lair:2)
  3 starspawn tentacles (Abyss:4)
659 creatures vanquished.

Vanquished Creatures (others)
  2 orcs (Bailey)
  A bush (D:12)
  4 fungi
  A lurking horror (Abyss:4)
  16 plants
  3 starspawn tentacles (Abyss:4)
27 creatures vanquished.

Grand Total: 686 creatures vanquished

Notes
Turn   | Place    | Note
-------+----------+-------------------------------------------
     0 | D:1      | Lovchig the Deep Dwarf Fighter began the quest for the Orb.
     0 | D:1      | Reached XP level 1. HP: 20/20 MP: 1/1
   122 | D:1      | Reached XP level 2. HP: 27/27 MP: 2/2
  1080 | D:2      | Reached XP level 3. HP: 31/33 MP: 3/3
  1172 | D:2      | Found a white marble altar of Elyvilon.
  1318 | D:2      | Noticed Jessica
  1331 | D:2      | Killed Jessica
  1332 | D:2      | Reached skill level 3 in Axes
  1332 | D:2      | Reached skill level 1 in Dodging
  1332 | D:2      | Reached XP level 4. HP: 39/42 MP: 4/4
  1754 | D:3      | Reached skill level 4 in Axes
  1754 | D:3      | Reached XP level 5. HP: 16/49 MP: 5/5
  1768 | D:3      | Noticed p0werm0de's ghost (amateur GrFi)
  1769 | D:3      | Found a runed translucent gate.
  1769 | D:3      | Found a runed translucent gate.
  1770 | D:3      | Found a runed translucent gate.
  2565 | D:3      | HP: 1/49 [p0werm0de's ghost (10)]
  2567 | D:3      | Killed p0werm0de's ghost
  2568 | D:3      | Reached XP level 6. HP: 36/56 MP: 6/6
  2719 | D:4      | Reached skill level 5 in Axes
  2936 | D:4      | Found a sparkling altar of Nemelex Xobeh.
  2993 | D:4      | Reached XP level 7. HP: 25/63 MP: 7/7
  3138 | D:4      | Reached skill level 6 in Axes
  3235 | D:4      | Noticed Sigmund
  3242 | D:4      | Killed Sigmund
  3243 | D:4      | Reached skill level 5 in Shields
  3269 | D:5      | Entered Level 5 of the Dungeon
  3292 | D:5      | Noticed Edmund
  3305 | D:5      | Killed Edmund
  3343 | D:5      | Reached skill level 7 in Axes
  3419 | D:5      | Reached XP level 8. HP: 27/71 MP: 8/8
  3427 | D:5      | Reached skill level 5 in Armour
  3527 | D:5      | Found a staircase to the Ecumenical Temple.
  3581 | Temple   | Entered the Ecumenical Temple
  3693 | Temple   | Became a worshipper of Makhleb the Destroyer
  3766 | D:5      | Reached skill level 8 in Axes
  4322 | D:6      | Reached skill level 9 in Axes
  4510 | D:6      | Found a runed translucent gate.
  4511 | D:6      | Found a runed translucent gate.
  4514 | D:6      | Gained mutation: You passively map the area around you.
                  | [Deep Dwarf growth]
  4514 | D:6      | Reached XP level 9. HP: 48/80 MP: 7/7
  4516 | D:6      | Found a runed translucent gate.
  4519 | D:6      | Noticed adept's ghost (novice FoFi)
  4714 | D:6      | Found Lotaow's Book Shoppe.
  4718 | D:6      | Reached * piety under Makhleb
  4719 | D:6      | Reached skill level 5 in Fighting
  5052 | D:6      | Killed adept's ghost
  5053 | D:6      | Reached skill level 10 in Axes
  5209 | D:7      | Noticed Joseph
  5230 | D:7      | Killed Joseph
  5231 | D:7      | Reached skill level 11 in Axes
  5367 | D:7      | Reached XP level 10. HP: 58/91 MP: 8/8
  5397 | D:7      | Reached skill level 5 in Dodging
  5517 | D:7      | Noticed Maggie
  5528 | D:7      | Killed Maggie
  5656 | D:7      | Reached ** piety under Makhleb
  6312 | D:9      | Identified the +3 hand axe of the Rat {venom, rF+ Str-5
                  | Int+4}
  6340 | D:9      | Reached skill level 12 in Axes
  6451 | D:9      | Reached *** piety under Makhleb
  6593 | D:9      | Reached XP level 11. HP: 93/99 MP: 9/9
  6612 | D:9      | Found an iron altar of Okawaru.
  6850 | D:10     | Entered Level 10 of the Dungeon
  6856 | D:10     | Found a bloodstained altar of Trog.
  6952 | D:10     | Noticed an unseen horror
  6963 | D:10     | Killed an unseen horror
  6964 | D:10     | Reached skill level 13 in Axes
  6984 | D:10     | Reached **** piety under Makhleb
  7144 | D:10     | Found a sacrificial altar of Ru.
  7246 | D:10     | Noticed Grum
  7258 | D:10     | Killed Grum
  7279 | D:10     | Found a flagged portal.
  7489 | Bailey   | Entered a bailey
  7695 | Bailey   | Reached ***** piety under Makhleb
  7975 | Bailey   | Identified a scroll of acquirement
  7975 | Bailey   | Acquired a manual of Maces & Flails
  8345 | D:11     | Noticed a cyan ugly thing
  8359 | D:11     | Killed a cyan ugly thing
  8430 | D:11     | Found Xiofilos's Assorted Antiques.
  8584 | D:11     | Found a staircase to the Lair.
  9021 | D:11     | Found Heokhu's Magic Scroll Shoppe.
  9049 | D:11     | Noticed an unseen horror
  9054 | D:11     | Killed an unseen horror
  9055 | D:11     | Reached skill level 14 in Axes
  9468 | D:12     | Noticed an unseen horror
  9478 | D:12     | Killed an unseen horror
  9504 | D:12     | Reached XP level 12. HP: 101/110 MP: 0/10
  9608 | D:12     | Noticed a boulder beetle
  9656 | D:12     | Killed a boulder beetle
  9657 | D:12     | Reached skill level 10 in Shields
  9728 | D:12     | Found a staircase to the Orcish Mines.
  9739 | D:12     | Reached ****** piety under Makhleb
 10021 | D:12     | Found a blossoming altar of Fedhas.
 10067 | D:12     | Noticed an eight-headed hydra
 10203 | D:12     | Reached skill level 15 in Axes
 10243 | D:12     | Noticed a four-headed hydra
 10253 | D:12     | Killed a one-headed hydra
 10468 | D:12     | Killed a one-headed hydra
 10483 | D:12     | Noticed a six-headed hydra
 10496 | D:12     | Killed a one-headed hydra
 10956 | D:13     | Identified the +8 plate armour of Josom {Dex+3}
 11051 | D:13     | Reached XP level 13. HP: 123/123 MP: 11/11
 11211 | D:13     | Paralysed by a floating eye for 3 turns
 11273 | D:13     | Reached skill level 10 in Fighting
 11644 | D:14     | Reached skill level 16 in Axes
 11810 | D:14     | Found Useptyaw's Antique Armour Shoppe.
 12015 | D:14     | Found a gate to the Vaults.
 12125 | D:14     | Found a glowing golden altar of the Shining One.
 12433 | D:15     | Entered Level 15 of the Dungeon
 12649 | D:15     | Cast into level 2 of the Abyss (a wizard)
 12710 | Abyss:4  | Found a corrupted altar of Lugonu.
 12729 | Abyss:4  | Noticed a tentacled starspawn
 12737 | Abyss:4  | Killed a tentacled starspawn
 12738 | Abyss:4  | Reached skill level 17 in Axes
 12738 | Abyss:4  | Reached skill level 10 in Armour
 12738 | Abyss:4  | Gained mutation: You resist negative energy. (rN+) [Deep
                  | Dwarf growth]
 12738 | Abyss:4  | Reached XP level 14. HP: 74/135 MP: 12/12
 12825 | Abyss:4  | Noticed a tentacled starspawn
 12834 | Abyss:4  | Killed a tentacled starspawn
 12912 | Abyss:4  | Noticed a tentacled monstrosity
 12935 | Abyss:4  | Killed a tentacled monstrosity
 12948 | D:15     | Escaped the Abyss
 13366 | D:15     | Found a staircase to the Depths.
 13712 | Lair:1   | Entered Level 1 of the Lair of Beasts
 13712 | Lair:1   | Noticed Erica
 13714 | Lair:1   | Killed Erica
 15085 | Lair:2   | Found a hole to the Spider Nest.
 15718 | Orc:1    | Entered Level 1 of the Orcish Mines
 15926 | Orc:1    | You fall into a shaft and drop 1 floor!
 15926 | Orc:2    | Entered Level 2 of the Orcish Mines
 15943 | Orc:2    | Mangled by an orc knight

Illustrated notes

Levels and vault maps discovered:
D:1:      minmay_arrival_solitary_statue, layout_basic, serial_forest,
          infiniplex_forest_lined_1, infiniplex_forest_join,
          infiniplex_forest_clump_tiny, infiniplex_forest_lined_ring,
          infiniplex_forest_diagonal, infiniplex_forest_clump_small
D:2:      minmay_spotlight, layout_loops_ring, elyvilon_altar_3, uniq_jessica
D:3:      layout_loops_ring, biasface_ghost_orc_armoury
D:4:      layout_basic, lemuel_round_altar, uniq_sigmund
D:5:      layout_basic, temple_statues, uniq_edmund
D:6:      layout_loops_ring, serial_shops, kennysheep_little_box,
          gammafunk_ghost_necromancy
D:7:      layout_basic, uniq_maggie, uniq_joseph
D:8:      layout_rooms
D:9:      layout_roguey, okawaru_gym_becter
D:10:     kennysheep_steamy, layout_loops_ring, basic_altar, enter_bailey_8,
          bloody_trog, uniq_grum
D:11:     layout_layer_cave, lair_entry_dummy, serial_shops, shop, shop
D:12:     layout_cave_pods, zombieorc1_lemuel, hangedman_decor_opposing,
          minivault_1, hangedman_abyss_or_decor_passed,
          fedhas_altar_decomposition
D:13:     layout_gridville
D:14:     layout_irregular_city, grunt_vaults_entry_fortified, serial_shops,
          nicolae_shop_trees, tso_metal_star
D:15:     grunt_enter_depths_hoard, layout_irregular_city
Temple:   kilobyte_greek_temple
Lair:1:   layout_cave_pods, serial_rivers, chequers_serial_rivers_micro_e,
          chequers_serial_rivers_micro_a, chequers_serial_rivers_small_3,
          chequers_serial_rivers_micro_d, chequers_serial_rivers_small_a,
          cheibrodos_lair_lostbears, uniq_erica
Lair:2:   layout_cave_pods, nicolae_spider_entry_tight_spaces,
          columned_hall_lemuel, lemuel_fruit_fields, lemuel_fruit_tree,
          grunt_megastairs_3
Orc:1:    layout_diamond_mine
Orc:2:    st_orc_pillars, layout_diamond_mine, serial_shops,
          nicolae_shop_behind_doors, nicolae_orc_rockfall

Skill      XL: |  1  2  3  4  5  6  7  8  9 10 11 12 13 14 |
---------------+-------------------------------------------+-----
Fighting       | 3 4 5 6 8 9 11 12 | 12.7
Axes           | 3 4 5 7 9 11 12 14 15 17 | 17.9
Dodging        | 1 2 3 4 6 7 8 9 |  9.7
Shields        | 4 5 6 7 9 11 13 14 | 14.7
Armour         | 4 5 6 7 8 9 10 | 10.7

Action                   |  1- 3 |  4- 6 |  7- 9 | 10-12 | 13-15 || total
-------------------------+-------+-------+-------+-------+-------++-------
Melee: War axe           |   139 |   138 |       |       |       ||   277
       Broad axe         |       |    47 |   261 |   773 |   584 ||  1665
       Hand axe          |       |       |       |    25 |    28 ||    53
 Abil: Heal Wounds       |       |     2 |     9 |     1 |    11 ||    23
  Use: Scroll            |     4 |     7 |     3 |     8 |     2 ||    24
       Potion            |       |     1 |       |     1 |     1 ||     3
Armor: Scale mail        |    60 |    21 |       |       |       ||    81
       Chain mail        |       |    59 |   123 |     8 |       ||   190
       Plate armour      |       |       |       |   496 |   313 ||   809
Dodge: Dodged            |    25 |    67 |    65 |   262 |   232 ||   651
Block: Kite shield       |    47 |   109 |   152 |   535 |   381 ||  1224

Table legend: (Time is in decaauts)
 A = Elapsed time spent in this place.
 B = Non-inter-level travel time spent in this place.
 C = Inter-level travel time spent in this place.
 D = Time resting spent in this place.
 E = Time spent auto-exploring this place.
 F = Levels seen in this place.
 G = Mean time per level.
                   A        B        C        D        E       F      G
               +--------+--------+--------+--------+--------+-----+--------+
         Total |  16125 |  15372 |    753 |     46 |  11063 |  24 |  671.9 |
       Dungeon |  12956 |  12316 |    640 |     46 |   8855 |  15 |  863.7 |
        Temple |    152 |    113 |     39 |      0 |     97 |   1 |  152.0 |
          Lair |   1939 |   1865 |     74 |      0 |   1650 |   2 |  969.5 |
  Orcish Mines |    210 |    210 |      0 |      0 |    129 |   2 |  105.0 |
         Abyss |    281 |    281 |      0 |      0 |    144 |   3 |   93.7 |
        Bailey |    586 |    586 |      0 |      0 |    186 |   1 |  586.0 |
               +--------+--------+--------+--------+--------+-----+--------+

Top non-repeatable levels by time:
    D:11: 1336 daAuts
    D:12: 1197 daAuts
     D:3: 1063 daAuts
    D:13: 1018 daAuts
  Lair:1: 1004 daAuts
     D:1: 971 daAuts
  Lair:2: 934 daAuts
     D:6: 922 daAuts
     D:5: 816 daAuts
    D:10: 814 daAuts
     D:7: 804 daAuts
    D:15: 793 daAuts
    D:14: 791 daAuts
     D:2: 778 daAuts
     D:4: 653 daAuts
